 Dungeon Crawl Stone Soup version 0.26-a0-712-ga5a9c9c9d0 (webtiles) character file.

Game seed: 15925109656260040253

859 dickylongcocking the Shield-Bearer (level 8, -1/39 HPs)
             Began as a Vine Stalker Fighter on Nov 1, 2020.
             Was a Believer of Uskayaw.
             Shot with an arrow by a centaur (6 damage)
             ... on level 6 of the Dungeon.
             The game lasted 00:02:59 (3600 turns).

dickylongcocking the Shield-Bearer (VSFi)           Turns: 3600, Time: 00:03:00

Health: -1/39      AC: 11    Str: 20    XL:     8   Next: 2%
Magic:  0/9        EV:  4    Int:  8    God:    Uskayaw [**....]
Gold:   252        SH: 10    Dex: 15    Spells: 7/7 levels left

rFire    . . .     SeeInvis .   s - +0 dagger (venom)
rCold    . . .     Faith    .   c - +0 kite shield
rNeg     . . .     Spirit   +   n - +0 plate armour
rPois    .         Reflect  .   (no helmet)
rElec    .         Harm     +   q - scarf {harm}
rCorr    .         Rampage  .   (no gloves)
MR       +....                  (no boots)
Stlth    ..........             (no amulet)
HPRegen  0.53/turn              (no ring)
MPRegen  0.11/turn              (no ring)

@: lightly drained
A: fangs 3, regeneration 1, magic shield, antimagic bite, no potion heal 3, rot
immunity
a: Stomp, Line Pass, Renounce Religion


You were on level 6 of the Dungeon.
You worshipped Uskayaw.
Uskayaw was noncommittal.
You visited 2 branches of the dungeon, and saw 7 of its levels.

You collected 252 gold pieces.

Inventory:

Hand Weapons
 a - a +0 rapier
 s - a +0 dagger of venom (weapon)
Armour
 b - a +0 scale mail
 c - a +0 kite shield (worn)
 n - a +0 plate armour (worn)
 q - a scarf of harm (worn)
Wands
 o - a wand of iceblast (5)
Scrolls
 f - 5 scrolls of teleportation {unknown}
 g - 5 scrolls of identify {unknown}
 h - a scroll of remove curse {unknown}
 i - 2 scrolls of amnesia {unknown}
 k - a scroll of immolation {unknown}
 p - a scroll of random uselessness {unknown}
Potions
 d - 2 potions of might
 e - a potion of degeneration {unknown}
 j - a potion of brilliance
 l - a potion of lignification {unknown}
 m - 3 potions of curing
 r - a potion of mutation {unknown}
 t - 2 potions of ambrosia {unknown}


   Skills:
 - Level 2.6(2.4) Fighting
 * Level 5.8(5.6) Short Blades
 - Level 2.4(2.2) Armour
 * Level 6.2(6.0) Shields
 * Level 1.1(0.9) Invocations


You had 7 spell levels left.
You didn't know any spells.
Your spell library was empty.

Dungeon Overview and Level Annotations

Branches:
Dungeon (6/15)             Temple (1/1) D:5

Altars:
Ashenzari
Cheibriados
Dithmenos
Elyvilon
Gozag
Hepliaklqana
Kikubaaqudgha
Makhleb
Okawaru
Qazlal
Ru
Trog
Uskayaw
Vehumet
Wu Jian
Xom
Yredelemnul
Zin
The Shining One

Annotations:
D:6 Dowan


Innate Abilities, Weirdness & Mutations

You have razor-sharp teeth.
Your natural rate of healing is unusually fast.
When hurt, damage is shared between your health and your magic reserves.
Your bite disrupts and absorbs the magic of your enemies.
Potions cannot restore your health.
You are immune to rotting.


Message History

Your base Invocations skill increases to level 1!
You have reached level 8!
You feel agile.
Your teeth grow very long and razor-sharp.
The wight hits you but does no damage.
Dowan points at you and mumbles some strange words.
The shard of ice hits you!
You hit the wight. Your bite misses the wight.
The wight is moderately damaged.
The centaur wields a +0 shortbow.
The centaur shoots an arrow.
The arrow barely misses you. Dowan gestures at you while chanting.
The shard of ice hits you!
* * * LOW HITPOINT WARNING * * *
You hear a distant slurping noise.
You can now pass through a line of other dancers.
You hit the wight but do no damage.
The wight is moderately damaged.
The centaur shoots an arrow.
The arrow hits you!
You die...

#. #. #z #.##
# ..# .# #.#
.?#
#######.###cY#
........z@)e.#
....##.####.#
. #.## #..#
##.## #..# ##.
##.# ....##
#.## ......###
#..# #


You could see an ice beast, Dowan (fast), a centaur and a wight.

Vanquished Creatures
  Duvessa (D:6)
  A phantom (D:5)
  2 centaurs (D:5)
  A crimson imp (D:2)
  A jelly (D:5)
  A bullfrog skeleton (D:4)
  An orc priest (D:5)
  3 worker ants
  6 orc wizards
  A worker ant zombie (D:5)
  3 gnolls (D:5)
  An adder (D:4)
  A shadow imp (D:5)
  A white imp (D:6)
  An adder skeleton (D:4)
  A worm (D:2)
  A dart slug (D:1)
  3 leopard geckos
  18 orcs
  A bat zombie (D:2)
  4 giant cockroaches
  6 goblins
  2 hobgoblins
  6 jackals
  7 kobolds
  2 quokkas (D:3)
  A ball python (D:3)
  5 bats
  3 frilled lizards
  A giant cockroach zombie (D:3)
  4 rats
  2 rat zombies (D:2)
92 creatures vanquished.

Notes
Turn   | Place    | Note
-------+----------+-------------------------------------------
     0 | D:1      | dickylongcocking the Vine Stalker Fighter began the quest
                  | for the Orb.
     0 | D:1      | Reached XP level 1. HP: 11/11 MP: 2/2
    46 | D:1      | Reached skill level 3 in Shields
    46 | D:1      | Reached XP level 2. HP: 15/16 MP: 1/3
   831 | D:2      | Reached XP level 3. HP: 19/19 MP: 4/4
   936 | D:2      | Found an ancient bone altar of Kikubaaqudgha.
  1023 | D:2      | Found a basalt altar of Yredelemnul.
  1375 | D:2      | Found a burning altar of Makhleb.
  1380 | D:2      | Gained mutation: Your natural rate of healing is unusually
                  | fast. [Vine Stalker growth]
  1380 | D:2      | Reached XP level 4. HP: 23/23 MP: 5/5
  1465 | D:2      | Found an ornate altar of the Wu Jian Council.
  1474 | D:2      | Found a snail-covered altar of Cheibriados.
  2195 | D:4      | Reached skill level 4 in Shields
  2198 | D:4      | Reached XP level 5. HP: 27/27 MP: 4/6
  2413 | D:4      | Reached XP level 6. HP: 32/32 MP: 7/7
  2426 | D:4      | Found a stormy altar of Qazlal.
  2429 | D:4      | Noticed a water elemental
  2429 | D:4      | Noticed a fire elemental
  2429 | D:4      | Noticed an air elemental
  2449 | D:4      | Found a shadowy altar of Dithmenos.
  2563 | D:4      | Found a bloodstained altar of Trog.
  2679 | D:5      | Entered Level 5 of the Dungeon
  2679 | D:5      | Noticed a phantom
  2707 | D:5      | Killed a phantom
  2707 | D:5      | Reached skill level 5 in Shields
  2731 | D:5      | Reached XP level 7. HP: 30/35 MP: 8/8
  2748 | D:5      | Reached skill level 5 in Short Blades
  3098 | D:5      | Reached skill level 6 in Shields
  3422 | D:5      | Found a staircase to the Ecumenical Temple.
  3442 | Temple   | Entered the Ecumenical Temple
  3473 | Temple   | Became a worshipper of Uskayaw the Reveler
  3573 | D:6      | Reached * piety under Uskayaw
  3586 | D:6      | Noticed Duvessa
  3586 | D:6      | Noticed Dowan
  3598 | D:6      | Killed Duvessa
  3598 | D:6      | Reached skill level 1 in Invocations
  3598 | D:6      | Gained mutation: You have razor-sharp teeth. [Vine Stalker
                  | growth]
  3598 | D:6      | Reached XP level 8. HP: 27/39 MP: 9/9
  3599 | D:6      | Reached ** piety under Uskayaw
  3600 | D:6      | Shot with an arrow by a centaur

Illustrated notes

Levels and vault maps discovered:
D:1:      wander_arrival_desolate, layout_loops_cross
D:2:      layout_loops_ring, lemuel_zombie_altar_kikubaaqudgha,
          yredelemnul_altar_generic, amethyst_overflow_temple_binary,
          makhleb_grotto_becter
D:3:      layout_rooms
D:4:      layout_cave_pools, grunt_dithmenos_smoke, marbit_many_paths,
          nicolae_qazlal_style_of_elements
D:5:      layout_cave_pools, temple_green
D:6:      layout_basic, serial_shops, shop, basic_altar, uniq_prince_ribbit1,
          uniq_duvessa, uniq_eustachio
Temple:   minmay_temple_bridge_abc

Skill      XL: |  1  2  3  4  5  6  7 |
---------------+----------------------+-----
Short Blades   | 2 3 4 5 |  5.8
Shields        | 3 4 5 6 |  6.2
Invocations    | 1 |  1.1
Fighting       | |  2.6
Armour         | |  2.4

Action                   |  1- 3 |  4- 6 |  7- 9 || total
-------------------------+-------+-------+-------++-------
Melee: Rapier            |    76 |   129 |    47 ||   252
       Bite              |    18 |    35 |    37 ||    90
       Dagger            |       |       |    57 ||    57
  Use: Potion            |       |     1 |     4 ||     5
 Stab: Invisible         |       |       |     2 ||     2
Armor: Scale mail        |    31 |    12 |       ||    43
       Plate armour      |       |    70 |    59 ||   129
Dodge: Dodged            |    18 |    23 |    20 ||    61
Block: Kite shield       |    44 |    80 |    63 ||   187

Table legend: (Time is in decaauts)
 A = Elapsed time spent in this place.
 B = Non-inter-level travel time spent in this place.
 C = Inter-level travel time spent in this place.
 D = Time resting spent in this place.
 E = Time spent auto-exploring this place.
 F = Levels seen in this place.
 G = Mean time per level.
                   A        B        C        D        E       F      G
               +--------+--------+--------+--------+--------+-----+--------+
         Total |   3611 |   3329 |    282 |    104 |   2553 |   7 |  515.9 |
       Dungeon |   3558 |   3296 |    262 |    104 |   2531 |   6 |  593.0 |
        Temple |     52 |     32 |     20 |      0 |     22 |   1 |   52.0 |
               +--------+--------+--------+--------+--------+-----+--------+

Top non-repeatable levels by time:
     D:1: 967 daAuts
     D:2: 817 daAuts
     D:5: 816 daAuts
     D:4: 516 daAuts
     D:3: 398 daAuts
  Temple: 52 daAuts
     D:6: 41 daAuts
